 Dungeon Sprint DCSS version 0.31-a0-925-g0a390f2509 (webtiles) character file.

Game seed: 10548826419648369409

6477 sircluck the Brawler (level 10, -17/119 HPs)
             Began as a Troll Berserker on Oct 18, 2023.
             Was the Champion of Trog.
             Demolished by an ogre
             ... wielding a +0 giant club
             ... led by an orc knight
              (28 damage)
             ... in the Dungeon (Sprint VII: "The Pits") on Oct 19, 2023.
             The game lasted 00:05:01 (855 turns).

sircluck the Brawler (Troll Berserker)               Turns: 855, Time: 00:05:02

Health: -17/119    AC:  6    Str: 31    XL:     10   Next: 68%
Magic:  9/9        EV: 13    Int:  3    God:    Trog [******]
Gold:   0          SH:  0    Dex:  9    Spells: 9/9 levels left

rFire   . .          .
                       - Unarmed
rCold   . . .        (no shield)
rNeg    . . .        a - +0 animal skin
rPois   .            n - +2 hat
rElec   .            (no cloak)
rCorr   .            (gloves unavailable)
SInv    .            (boots unavailable)
Will    .....        (no amulet)
Stlth   +            (no ring)
HPRegen 1.19/turn    (no ring)
MPRegen 0.11/turn

%: no teleportation
@: on berserk cooldown, slowed, very slow
A: large, unfitting armour, claws 3, regeneration 1, shaggy fur 1, tough skin 1
a: Renounce Religion, Berserk, Trog's Hand, Brothers in Arms


You were in the Dungeon.
You worshipped Trog.
Trog was exalted by your worship.
You visited 1 branch

Inventory:

Armour
 a - a +0 animal skin (worn)
 n - a +2 hat (worn)
Jewellery
 k - a +3 ring of intelligence
 l - a +3 ring of intelligence
Wands
 o - a wand of flame (14)
Scrolls
 g - a scroll of blinking
 i - 2 scrolls of vulnerability
 j - a scroll of butterflies
Potions
 b - 6 potions of curing
 c - 10 potions of heal wounds
 d - 3 potions of haste
 e - 4 potions of magic
 f - 4 potions of berserk rage
 h - 2 potions of invisibility
 m - a potion of might


   Skills:
 + Level 13.1 Fighting
 + Level 12.9 Dodging
 + Level 15.1 Unarmed Combat


You had 9 spell levels left.
You didn't know any spells.
Your spell library was empty.

Dungeon Overview and Level Annotations

Branches:
Dungeon (1/1)

Altars:
Ashenzari
Cheibriados
Dithmenos
Elyvilon
Fedhas
Gozag
Hepliaklqana
Kikubaaqudgha
Makhleb
Nemelex Xobeh
Okawaru
Qazlal
Ru
Sif Muna
Trog
Uskayaw
Vehumet
Wu Jian
Xom
Yredelemnul
Zin
The Shining One
Jiyva
Lugonu


Innate Abilities, Weirdness & Mutations

You are too large for most types of armour.
You have claws for hands.
Your natural rate of healing is unusually fast.
You are covered in fur. (AC +1)
You have tough skin. (AC +1)


Message History

You kill Maurice!
Trog accepts your kill. Trog grants you a weapon!
Something appears at your feet!
You see here the +4 rapier of Innocence {flame, rPois rC+}.
Trog appreciates your killing of a magic user.
Your Unarmed Combat skill increases to level 15!
The orc warrior hits you with a +0 trident!
The orc hits you with a +0 hand axe.
The smoke demon hits you but does no damage. x3
The orc warrior hits you from afar with a +0 halberd!
The orc closely misses you.
Items here: $ ) / [.
You scratch the smoke demon. Your claw misses the smoke demon.
The smoke demon is lightly wounded.
The ogre barely misses you.
You mangle the smoke demon!!
The smoke demon is almost dead.
The orc warrior hits you with a +0 trident!
The orc warrior hits you from afar with a +0 halberd!
* * * LOW HITPOINT WARNING * * *
The orc barely misses you.
The orc warrior hits you with a +0 scimitar!
* * * LOW HITPOINT WARNING * * *
The orc hits you with a +0 hand axe.
* * * LOW HITPOINT WARNING * * *
The smoke demon gestures at you. Something smites you!
* * * LOW HITPOINT WARNING * * *
You claw the smoke demon!
You kill the smoke demon!
Trog accepts your kill.
Your Fighting skill increases to level 13!
Unknown command.
Unknown command.
You are no longer berserk.
You are exhausted.
You feel yourself slow down. The orc warrior barely misses you. x2
The ogre hits you with a +0 giant club!!
You die...

.....##....).)...+
.<...##..#####...#####
.....##..))..#.........
.....##..#...#........#
.....##..#...#.#####..#
#######..#####.+...#..#
#######........#oo.'..##+#
#!.[[##........#oo.# ....
#..[[###†###...#@Oo# .....
'..))##....'...#o###...#
#.!))##....#...........#
#..))##....#...........+
########################


You could see 3 orc warriors, an ogre and 3 orcs.

Vanquished Creatures
  Gastronok (D)
  Urug (D)
  Pikel (D)
  An orc knight (D)
  A deep elf pyromancer (D)
  Maurice (D)
  A smoke demon (D)
  An orange demon (D)
  A cane toad (D)
  An efreet (D)
  A polar bear (D)
  Grinder (D)
  A flying skull (D)
  A wyvern (D)
  6 yaks (D)
  A basilisk (D)
  A warg (D)
  A water moccasin (D)
  An orc warrior (D)
  A sky beast (D)
  A black bear (D)
  An iguana (D)
  A river rat (D)
  2 white imps (D)
  A worm (D)
  2 orcs (D)
  A bat (D)
  An endoplasm (D)
  A giant cockroach (D)
  4 goblins (D)
  2 hobgoblins (D)
  A quokka (D)
  3 frilled lizards (D)
  2 rats (D)
48 creatures vanquished.

Notes
Turn   | Place    | Note
-------+----------+-------------------------------------------
     0 | D        | sircluck the Troll Berserker began the quest for the Orb.
     0 | D        | Reached XP level 1. HP: 22/22 MP: 0/0
    27 | D        | Found a bloodstained altar of Trog.
    27 | D        | Found a shimmering blue altar of Sif Muna.
    27 | D        | Found a viscous altar of Jiyva.
    27 | D        | Found a hazy altar of Hepliaklqana.
    27 | D        | Found an opulent altar of Gozag.
    28 | D        | Found a glowing golden altar of the Shining One.
    28 | D        | Found a glowing silver altar of Zin.
    28 | D        | Found a basalt altar of Yredelemnul.
    28 | D        | Found a shimmering altar of Xom.
    28 | D        | Found an ornate altar of the Wu Jian Council.
    28 | D        | Found a sacrificial altar of Ru.
    28 | D        | Found a stormy altar of Qazlal.
    28 | D        | Found an iron altar of Okawaru.
    28 | D        | Found a sparkling altar of Nemelex Xobeh.
    28 | D        | Found a burning altar of Makhleb.
    28 | D        | Found a blossoming altar of Fedhas.
    28 | D        | Found a white marble altar of Elyvilon.
    28 | D        | Found a shadowy altar of Dithmenos.
    28 | D        | Found a snail-covered altar of Cheibriados.
    32 | D        | Found a corrupted altar of Lugonu.
    32 | D        | Found a radiant altar of Vehumet.
    33 | D        | Found a broken altar of Ashenzari.
    33 | D        | Found an ancient bone altar of Kikubaaqudgha.
    33 | D        | Found a hide-covered altar of Uskayaw.
    79 | D        | Reached ** piety under Trog
    80 | D        | Reached XP level 2. HP: 18/31 MP: 1/1
    81 | D        | Reached skill level 4 in Unarmed Combat
    96 | D        | Reached *** piety under Trog
   144 | D        | Noticed a water moccasin
   157 | D        | Killed a water moccasin
   157 | D        | Reached **** piety under Trog
   158 | D        | Reached skill level 5 in Fighting
   158 | D        | Reached skill level 5 in Dodging
   158 | D        | Reached skill level 6 in Unarmed Combat
   158 | D        | Reached XP level 3. HP: 38/42 MP: 2/2
   158 | D        | Reached XP level 4. HP: 46/50 MP: 3/3
   198 | D        | Noticed a warg
   214 | D        | Killed a warg
   215 | D        | Reached skill level 7 in Unarmed Combat
   215 | D        | Reached XP level 5. HP: 38/61 MP: 4/4
   243 | D        | Noticed a black bear
   247 | D        | Killed a black bear
   247 | D        | Reached ***** piety under Trog
   248 | D        | Reached skill level 8 in Unarmed Combat
   248 | D        | Reached XP level 6. HP: 55/68 MP: 5/5
   270 | D        | Noticed a basilisk
   275 | D        | Killed a basilisk
   276 | D        | Reached skill level 9 in Unarmed Combat
   279 | D        | Noticed a sky beast
   279 | D        | Noticed Pikel
   284 | D        | Killed Pikel
   285 | D        | Reached skill level 10 in Unarmed Combat
   285 | D        | Reached XP level 7. HP: 65/81 MP: 6/6
   289 | D        | Received a gift from Trog
   296 | D        | Reached XP level 8. HP: 55/92 MP: 7/7
   331 | D        | Noticed an efreet
   340 | D        | Reached skill level 11 in Unarmed Combat
   360 | D        | Killed an efreet
   360 | D        | Received a gift from Trog
   361 | D        | Reached skill level 10 in Fighting
   364 | D        | Reached skill level 10 in Dodging
   370 | D        | Reached skill level 12 in Unarmed Combat
   382 | D        | HP: 2/93 [yak (5)]
   385 | D        | Reached XP level 9. HP: 5/102 MP: 8/8
   532 | D        | Noticed Gastronok
   552 | D        | Killed Gastronok
   553 | D        | Reached skill level 13 in Unarmed Combat
   553 | D        | Reached ****** piety under Trog
   553 | D        | Received a gift from Trog
   609 | D        | Noticed a deep elf pyromancer
   628 | D        | Killed a deep elf pyromancer
   669 | D        | Noticed Urug
   680 | D        | Killed Urug
   681 | D        | Reached XP level 10. HP: 79/115 MP: 9/9
   686 | D        | Noticed Grinder
   686 | D        | Paralysed by Grinder for 3 turns
   699 | D        | Paralysed by Grinder for 2 turns
   705 | D        | Killed Grinder
   706 | D        | Reached skill level 14 in Unarmed Combat
   750 | D        | Identified the +6 great mace of Hahet {heavy, rF++} (Trog
                  | gifted it to you in the Dungeon)
   750 | D        | Received a gift from Trog
   760 | D        | Noticed an orange demon
   760 | D        | Noticed a cane toad
   764 | D        | Killed a cane toad
   773 | D        | Killed an orange demon
   842 | D        | Noticed Maurice
   842 | D        | Noticed an orc knight
   843 | D        | Noticed a smoke demon
   846 | D        | Killed an orc knight
   850 | D        | Killed Maurice
   850 | D        | Identified the +4 rapier of Innocence {flame, rPois rC+}
                  | (Trog gifted it to you in the Dungeon)
   850 | D        | Received a gift from Trog
   851 | D        | Reached skill level 15 in Unarmed Combat
   854 | D        | Killed a smoke demon
   855 | D        | Demolished by an ogre

Illustrated notes

Levels and vault maps discovered:
D:        pitsprint [storerooms_1, entrance_room_1, metal_vault_8, armoury_2,
          mini_pit_1, grid_room_1, main_hall_1, silver_pit, the_coven_3,
          the_vestibule_1, steel_vault_4, golden_pit, hallway_of_sentries,
          crystal_vault_4, iron_vault_2, final_vault]

Skill      XL: |  1  2  3  4  5  6  7  8  9 10 |
---------------+-------------------------------+-----
Fighting       | 3 5 6 8 9 10 11 13 | 13.1
Dodging        | 3 5 6 8 9 10 11 12 | 12.9
Unarmed Combat | 6 7 8 10 12 13 15 | 15.1

Action                     |  1- 3 |  4- 6 |  7- 9 | 10-12 || total
---------------------------+-------+-------+-------+-------++-------
  Melee: Unarmed           |    25 |    30 |    82 |    37 ||   174
         Punch             |       |     2 |     5 |     2 ||     9
 Invoke: Berserk           |       |       |     1 |     2 ||     3
 Armour: Animal skin       |    16 |    24 |    46 |    37 ||   123
  Dodge: Dodged            |    11 |     9 |    30 |    21 ||    71

Table legend: (Time is in decaauts)
 A = Elapsed time spent in this place.
 B = Non-inter-level travel time spent in this place.
 C = Inter-level travel time spent in this place.
 D = Time resting spent in this place.
 E = Time spent auto-exploring this place.
 F = Levels seen in this place.
 G = Mean time per level.
                   A        B        C        D        E       F      G
               +--------+--------+--------+--------+--------+-----+--------+
         Total |    829 |    829 |      0 |    206 |    260 |   1 |  829.0 |
       Dungeon |    829 |    829 |      0 |    206 |    260 |   1 |  829.0 |
               +--------+--------+--------+--------+--------+-----+--------+

Top non-repeatable levels by time:
       D: 829 daAuts
